 Dungeon Crawl Stone Soup version 0.31-a0-40-g1d5085d191 (webtiles) character file.

Game seed: 11158829240687571053

128723 scionoferis the Eclecticist (level 17, -10/121 HPs)
             Began as a Djinni Conjurer on May 15, 2023.
             Was the Champion of Makhleb.
             Mangled by a freezing wraith (23 damage)
             ... led by a death knight
             ... on level 14 of the Dungeon on May 17, 2023.
             The game lasted 01:54:59 (26293 turns).

scionoferis the Eclecticist (Djinni Conjurer)      Turns: 26293, Time: 01:55:00

Health: -10/121    AC: 10    Str:  8    XL:     17   Next: 59%
Gold:   2862       EV: 24    Int: 26    God:    Makhleb [******] SH:  9 Dex: 12

rFire   + + .        a - staff of earth "Zaruus" {Will++}
rCold   . . .        C - +0 kite shield {reflect}
rNeg    . . .        A - +2 robe {rC+}
rPois   ∞            G - +0 helmet
rElec   .            d - +0 cloak
rCorr   .            I - +2 pair of gloves of the Blessed Realm {Rampage}
SInv    .            (boots unavailable)
Will    +++..        n - amulet of the acrobat
Stlth   +++          o - +5 ring of evasion
HPRegen 0.40/turn    y - +5 ring of evasion
MPRegen 0.00/turn

%: reflection, acrobat, rampage, infuse magic (-11 HP)
@: flying, very slightly contaminated
A: sickness immunity, fire resistance 2, cold vulnerability 1, float, innate
caster, HP casting, extra vitality 1
a: Renounce Religion, Minor Destruction, Lesser Servant of Makhleb, Major
Destruction, Greater Servant of Makhleb


You were on level 14 of the Dungeon.
You worshipped Makhleb.
Makhleb was exalted by your worship.
You visited 4 branches of the dungeon, and saw 22 of its levels.
You also visited: Gauntlet and Ice Cave.

You collected 3256 gold pieces.
You spent 394 gold pieces at shops.


Innate Abilities, Weirdness & Mutations

You are immune to sickness and miasma.
You are immune to poison.
Your flesh is very heat resistant. (rF++)
You are vulnerable to cold. (rC-)
You float through the air rather than walking.
You learn spells naturally, not from books.
Your magical power is your life essence.
You have superior vitality. (+4 MHP)


   Skills:
 + Level 11.1 Fighting
 - Level 5.0 Armour
 + Level 11.1 Dodging
 + Level 6.7 Stealth
 + Level 5.9 Shields
 * Level 17.0 Spellcasting
 - Level 12.0 Evocations


You knew the following spells:

 Your Spells              Type           Power      Damage    Failure   Level
a - Magic Dart            Conj           100%       1d8       0%          1
b - Searing Ray           Conj           100%       2d8       0%          2
c - Dazzling Flash        Conj/Hex       100%       N/A       1%          3
d - Fulminant Prism       Conj/Hex       42%        3d19      1%          4
e - Iskenderun's Mystic   Conj/Tloc      84%        2d17      1%          4
f - Beastly Appendage     Tmut           100%       N/A       0%          1
g - Poisonous Vapours     Pois/Air       100%       N/A       0%          2
h - Mephitic Cloud        Conj/Pois/Air  84%        N/A       1%          3
i - Call Canine Familiar  Summ           84%        N/A       1%          3
j - Blade Hands           Tmut           42%        N/A       1%          5
k - Metabolic Englaciati  Hex/Ice        42%        N/A       1%          5
l - Starburst             Conj/Fire      42%        6d12      1%          6
m - Simulacrum            Ice/Necr       42%        N/A       1%          6
Your spell library was empty.

Inventory:

Hand Weapons
 h - a +2 double sword of freezing
   (You took it off a necromancer in an ice cave)
 Q - a +0 sling of freezing
   (You found it in an ice cave)
Missiles
 b - 5 boomerangs
 l - 18 javelins
 u - 4 throwing nets
 F - 10 silver javelins
 H - 38 poisoned darts
 J - 3 curare-tipped darts
Armour
 d - a +0 cloak (worn)
   (You found it in a Gauntlet)
 A - a +2 robe of cold resistance (worn)
   (You took it off Fannar on level 10 of the Dungeon)
 C - a +0 kite shield of reflection (worn)
   (You found it on level 5 of the Lair of Beasts)
 G - a +0 helmet (worn)
   (You found it on level 8 of the Dungeon)
 I - the +2 pair of gloves of the Blessed Realm (worn) {Rampage}
   (You found it in a Gauntlet)

   Rampage:   It bestows one free step when moving towards enemies.
Magical Staves
 a - the staff of earth "Zaruus" (weapon) {Will++}
   (You found it in a Gauntlet)

   [staff of earth]

   Your inability to study Earth Magic prevents you from drawing on the full
   power of this staff in melee.
   Base accuracy: +5 Base damage: 5 Base attack delay: 1.2 This weapon's minimum
   attack delay (0.6) is reached at skill level 12.
   Will:      It greatly increases your willpower.
   It falls into the 'Staves' category.
   It is a one-handed weapon.
 B - a staff of cold
   (You took it off Fannar on level 10 of the Dungeon)
 P - a staff of conjuration
   (You found it in a Gauntlet)
Jewellery
 m - the ring "Lilumil" {rPois rN+ Str+3}
   (You found it in an ice cave)

   [ring of positive energy]

   Str:       It affects your strength (+3).
   rPois:     It protects you from poison.
   rN:        It protects you from negative energy.
 n - an amulet of the acrobat (around neck)
   (You found it on level 5 of the Lair of Beasts)
 o - a +5 ring of evasion (left hand)
   (You found it on level 12 of the Dungeon)
 y - a +5 ring of evasion (right hand)
   (You found it on level 5 of the Dungeon)
 E - a ring of wizardry
   (You found it on level 14 of the Dungeon)
Wands
 w - a wand of iceblast (19)
   (You found it on level 1 of the Lair of Beasts)
 z - a wand of mindburst (73)
   (You found it on level 6 of the Dungeon)
 L - a wand of charming (14)
   (You found it in a Gauntlet)
 O - a wand of flame (19)
   (You found it on level 12 of the Dungeon)
 Z - a wand of quicksilver (4)
   (You found it on level 3 of the Lair of Beasts)
Scrolls
 c - 2 scrolls of immolation
 g - 4 scrolls of identify
 i - 3 scrolls of fog
 p - a scroll of butterflies
 r - 4 scrolls of poison
 t - 3 scrolls of magic mapping
 D - 3 scrolls of blinking
 S - 15 scrolls of teleportation
 X - a scroll of fear
 Y - 3 scrolls of vulnerability
Potions
 e - 2 potions of brilliance
 f - 2 potions of invisibility
 j - 12 potions of curing
 q - 4 potions of heal wounds
 x - 2 potions of cancellation
 K - 2 potions of resistance
 N - a potion of mutation
 W - 4 potions of haste
Miscellaneous
 k - a phantom mirror
   (You found it in a Gauntlet)
 s - a phial of floods
   (You found it on level 12 of the Dungeon)
 v - a box of beasts
   (You found it in a Gauntlet)
 R - a lightning rod (4/4)
   (You found it in a Gauntlet)

Dungeon Overview and Level Annotations

Branches:
Dungeon (14/15)            Temple (1/1) D:7            Lair (5/5) D:9
  Swamp (0/4) Lair:2        Snake (0/4) Lair:3        Slime (0/5) Lair:5
    Orc (2/2) D:11            Elf (0/3) Orc:2        Vaults (0/5) D:13
  IceCv (visited)         Gauntlet (visited)

Altars:
Ashenzari
Cheibriados
Dithmenos
Elyvilon
Fedhas
Gozag
Hepliaklqana
Makhleb
Nemelex Xobeh
Okawaru
Qazlal
Ru
Trog
Uskayaw
Wu Jian
Xom
Yredelemnul
Zin
The Shining One

Shops:
D:4 !   D:5 *   D:10 (*   D:11 ( Orc:2

?(*!! #.....#
#.....# .# ##
#.....## .# ..
#......# .##.
#......# ../
#......# W.
#.####.# W# ###
#......###W#.....
#........@.......
#..#...####......
#..#...####..####
#..#.........#
#..............
###############


You could see a phantasmal warrior, a freezing wraith and a wraith.


Message History

What level of the Dungeon? (default 11, ? - help)
Okay, then.
Unknown command.
(D) Dungeon (T) Temple (L) Lair (S) Swamp (P) Snake Pit (M) Slime Pits (O) Orcish Mines (E) Elven Halls
Where to? (Enter - Orc:1 @ (x,y), ? - help)
What level of the Lair of Beasts? (default 1, ? - help)
You see here a +0 flail.
Items here: )) [[.
Things that are here:
a +0 dire flail; a +0 dire flail
There is a staircase back to the Dungeon here.
You fly upwards.
Welcome back to the Dungeon!
There is a staircase to the Orcish Mines here.
Items here: ))) [.
There is an open door here.
Items here: )))))) [[[[[.
Things that are here:
a +0 club; a +0 leather armour; a +0 club
There is a stone staircase leading up here.
You fly upwards.
There is a stone staircase leading down here.
There is a stone staircase leading up here.
You fly upwards.
There is a stone staircase leading down here.
You see here a +0 dagger.
There is a staircase to the Lair here.
You fly downwards.
Welcome back to the Lair of Beasts!
There is a staircase back to the Dungeon here.
You fly upwards.
Welcome back to the Dungeon!
There is a staircase to the Lair here.
Items here: !!!! ( )))) / == ??? [[[[[[ |.
You drop a +1 robe of resistance.
You drop a +1 dagger of electrocution.
You drop the +0 robe "Omaneih" {*Corrode rF+ Int+5}.
Unknown command.
(D) Dungeon (T) Temple (L) Lair (S) Swamp (P) Snake Pit (M) Slime Pits (O) Orcish Mines (E) Elven Halls
Where to? (Enter - Lair:1, ? - help)
Okay, then.
Unknown command.
(D) Dungeon (T) Temple (L) Lair (S) Swamp (P) Snake Pit (M) Slime Pits (O) Orcish Mines (E) Elven Halls
Where to? (Enter - Lair:1, ? - help)
What level of the Dungeon? (default 1, ? - help)
You see here a +0 dagger.
There is a stone staircase leading down here.
You fly downwards.
There is a stone staircase leading up here.
There is a stone staircase leading down here.
You fly downwards.
There is a stone staircase leading up here.
You see here 5 scrolls of amnesia.
There is an open door here.
There is a stone staircase leading down here.
You fly downwards.
There is a stone staircase leading up here.
There is an open door here.
There is an open door here.
There is a stone staircase leading down here.
You fly downwards.
Found a potion of cancellation and a rapier.
There is a stone staircase leading up here.
Casting: Starburst (dangerous; 1% risk of failure)
Confirm with . or Enter, or press ? or * to list all spells.
Aiming: Fulminant Prism (safe; 1% risk of failure)
Press: ? - help, Dir - move target You feel a surge of power!
You conjure a prism of explosive energy!
A fulminant prism comes into view.
The cyclops shouts!
The cyclops throws a large rock.
The large rock completely misses you.
Your fulminant prism crackles loudly.
The cyclops throws a large rock.
The large rock misses you.
Your fulminant prism explodes!
The blast of energy engulfs the cyclops!!
The cyclops is moderately wounded.
You hear two shouts!
Casting: Fulminant Prism (safe; 1% risk of failure)
Confirm with . or Enter, or press ? or * to list all spells.
Aiming: Fulminant Prism (safe; 1% risk of failure)
Press: ? - help, Dir - move target, f - cyclops
Aim: a cyclops, quivering large rocks (moderately wounded)
You feel a surge of power!
You can't place the prism on a creature.
Unknown command.
Casting: Fulminant Prism (safe; 1% risk of failure)
Confirm with . or Enter, or press ? or * to list all spells.
Aiming: Fulminant Prism (safe; 1% risk of failure)
Press: ? - help, Dir - move target, p - cyclops You feel a surge of power!
You conjure a prism of explosive energy!
A fulminant prism comes into view.
Your fulminant prism crackles loudly.
Your fulminant prism explodes!
The blast of energy engulfs the cyclops!!
The cyclops is severely wounded.
You hear a shout!
Casting: Fulminant Prism (safe; 1% risk of failure)
Confirm with . or Enter, or press ? or * to list all spells.
You feel a surge of power!
You erupt in a blast of force!
The mystic blast hits the cyclops.
The cyclops is almost dead.
The cyclops is knocked back by the mystic blast.
Unknown command.
Casting: Iskenderun's Mystic Blast (safe; 1% risk of failure)
Confirm with . or Enter, or press ? or * to list all spells.
Casting: Starburst (dangerous; 1% risk of failure)
Press: ? - help, Dir - look around, f - activate You feel a surge of power!
The bolt of fire hits the cyclops!!!
You kill the cyclops!
Makhleb accepts your kill.
Unknown command.
You fly upwards.
There is a stone staircase leading down here.
You start resting.
HP restored.
You fly downwards.
There is a stone staircase leading up here.
A two-headed ogre comes into view.
It is wielding a +0 giant spiked club and a +0 giant club.
Casting: Starburst (dangerous; 1% risk of failure)
Confirm with . or Enter, or press ? or * to list all spells.
Aiming: Fulminant Prism (safe; 1% risk of failure)
Press: ? - help, Dir - move target You feel a surge of power!
You conjure a prism of explosive energy!
The two-headed ogre shouts in stereo!
A fulminant prism comes into view.
Your fulminant prism crackles loudly.
Your fulminant prism explodes!
The blast of energy engulfs the two-headed ogre!!!
You kill the two-headed ogre!
Makhleb accepts your kill.
You feel better.
You hear an angry buzzing noise. x2
A troll comes into view.
Casting: Fulminant Prism (safe; 1% risk of failure)
Confirm with . or Enter, or press ? or * to list all spells.
Aiming: Fulminant Prism (safe; 1% risk of failure)
Press: ? - help, Dir - move target You feel a surge of power!
You conjure a prism of explosive energy!
A fulminant prism comes into view.
Your fulminant prism crackles loudly.
Your fulminant prism explodes!
The blast of energy engulfs the troll!!
The troll is almost dead.
You hear a shout!
Casting: Fulminant Prism (safe; 1% risk of failure)
Confirm with . or Enter, or press ? or * to list all spells.
Aiming: Fulminant Prism (safe; 1% risk of failure)
Press: ? - help, Dir - move target You feel a surge of power!
You conjure a prism of explosive energy!
A fulminant prism comes into view.
Your fulminant prism crackles loudly.
The troll completely misses you. x2; You block the troll's attack.
Your fulminant prism explodes!
The blast of energy engulfs the troll!!
You kill the troll!
Makhleb accepts your kill.
You feel better.
You hear a shout!
A death knight comes into view. It is wielding a +2 battleaxe.
You see here a troll corpse.
Casting: Fulminant Prism (safe; 1% risk of failure)
Confirm with . or Enter, or press ? or * to list all spells.
Aiming: Fulminant Prism (safe; 1% risk of failure)
Press: ? - help, Dir - move target You feel a surge of power!
You conjure a prism of explosive energy!
A fulminant prism comes into view.
Your fulminant prism crackles loudly.
Your fulminant prism explodes!
The blast of energy engulfs the death knight!!
The death knight is moderately wounded.
Casting: Fulminant Prism (safe; 1% risk of failure)
Confirm with . or Enter, or press ? or * to list all spells.
Aiming: Fulminant Prism (safe; 1% risk of failure)
Press: ? - help, Dir - move target You feel a surge of power!
You conjure a prism of explosive energy!
A fulminant prism comes into view.
Your fulminant prism crackles loudly.
The death knight offers itself to Yredelemnul, and fills with unholy energy.
Your fulminant prism explodes!
The blast of energy engulfs the death knight!!
The death knight is heavily wounded.
The death knight reflects your damage back at you!
You hear an angry buzzing noise.
Unknown command.
Casting: Fulminant Prism (safe; 1% risk of failure)
Confirm with . or Enter, or press ? or * to list all spells.
Casting: Starburst (dangerous; 1% risk of failure)
Press: ? - help, Dir - look around, f - activate You feel a surge of power!
The bolt of fire hits the death knight!!
The death knight is almost dead.
The death knight reflects your damage back at you!
The death knight calls down the wrath of Yredelemnul upon you.
Your body is wracked with pain!
Casting: Starburst (dangerous; 1% risk of failure)
Confirm with . or Enter, or press ? or * to list all spells.
Casting: Starburst (dangerous; 1% risk of failure)
Press: ? - help, Dir - look around, f - activate You feel a surge of power!
The bolt of fire hits the death knight!!
You kill the death knight!
Makhleb accepts your kill.
You feel better.
Your damage is reflected back at you!
Things that are here:
3 large rocks; a cyclops corpse
There is a stone staircase leading up here.
You fly upwards.
There is a stone staircase leading down here.
You start resting.
HP restored.
You fly downwards.
There is a stone staircase leading up here.
You see here a troll skeleton.
Things that are here:
a +0 chain mail; a +2 battleaxe
x - 2 potions of cancellation (gained 1)
A slime creature comes into view.
A slime creature comes into view.
Casting: Starburst (dangerous; 1% risk of failure)
Confirm with . or Enter, or press ? or * to list all spells.
Aiming: Fulminant Prism (safe; 1% risk of failure)
Press: ? - help, Dir - move target You feel a surge of power!
You conjure a prism of explosive energy!
The slime creature quivers.
A fulminant prism comes into view.
A slime creature comes into view.
Your fulminant prism crackles loudly.
Your fulminant prism explodes!
The blast of energy engulfs the slime creature!!!
The slime creature is severely wounded.
The blast of energy engulfs the slime creature!!!
The slime creature is almost dead.
You hear an angry buzzing noise.
Casting: Fulminant Prism (safe; 1% risk of failure)
Confirm with . or Enter, or press ? or * to list all spells.
Aiming: Fulminant Prism (safe; 1% risk of failure)
Press: ? - help, Dir - move target You feel a surge of power!
You conjure a prism of explosive energy!
A fulminant prism comes into view.
A slime creature comes into view.
A slime creature comes into view.
Your fulminant prism crackles loudly.
Two slime creatures merge to form a large slime creature.
Unknown command.
Casting: Fulminant Prism (safe; 1% risk of failure)
Confirm with . or Enter, or press ? or * to list all spells.
You feel a surge of power!
You erupt in a blast of force!
The mystic blast hits the large slime creature!!
The large slime creature is severely wounded.
The large slime creature is knocked back by the mystic blast.
The large slime creature collides with your fulminant prism!
Your fulminant prism is moderately damaged.
The large slime creature is severely wounded.
Your fulminant prism explodes!
The blast of energy engulfs the large slime creature!!!
You kill the large slime creature!
Makhleb accepts your kill.
Casting: Iskenderun's Mystic Blast (safe; 1% risk of failure)
Confirm with . or Enter, or press ? or * to list all spells.
Aiming: Fulminant Prism (safe; 1% risk of failure)
Press: ? - help, Dir - move target You feel a surge of power!
You conjure a prism of explosive energy!
A fulminant prism comes into view.
The slime creature jiggles.
Your fulminant prism crackles loudly.
The slime creature hits your fulminant prism!
Your fulminant prism explodes!
The blast of energy engulfs the slime creature!!
The slime creature is severely wounded.
The blast of energy engulfs the slime creature!!
The slime creature is heavily wounded.
Makhleb accepts your kill.
You feel better.
You feel a bit more experienced.
You hear an angry buzzing noise. x2
Casting: Fulminant Prism (safe; 1% risk of failure)
Confirm with . or Enter, or press ? or * to list all spells.
Aiming: Fulminant Prism (safe; 1% risk of failure)
Press: ? - help, Dir - move target You feel a surge of power!
You conjure a prism of explosive energy!
A fulminant prism comes into view.
You block the slime creature's attack.
Your fulminant prism crackles loudly.
Two slime creatures merge to form a large slime creature.
Your fulminant prism explodes!
The blast of energy engulfs the large slime creature!!
The large slime creature is almost dead.
You hear an angry buzzing noise.
Unknown command.
Casting: Fulminant Prism (safe; 1% risk of failure)
Confirm with . or Enter, or press ? or * to list all spells.
You feel a surge of power!
You erupt in a blast of force!
The mystic blast hits the large slime creature!
The large slime creature is almost dead.
The large slime creature is knocked back by the mystic blast.
Unknown command.
Casting: Iskenderun's Mystic Blast (safe; 1% risk of failure)
Confirm with . or Enter, or press ? or * to list all spells.
Aiming: Fulminant Prism (safe; 1% risk of failure)
Press: ? - help, Dir - move target You feel a surge of power!
You conjure a prism of explosive energy!
A fulminant prism comes into view.
Your fulminant prism crackles loudly.
Your fulminant prism explodes!
The blast of energy engulfs the large slime creature!!!
You kill the large slime creature!
Makhleb accepts your kill.
You feel better.
You hear a shout!
You hear an angry buzzing noise.
HP restored.
You reach down and open the door.
There is an open door here.
f - 2 potions of invisibility As you open the door, it creaks loudly!
There is an open door here.
You now have 2740 gold pieces (gained 12).
You now have 2756 gold pieces (gained 16). 2 slime creatures come into view.
The slime creature moves out of view.
A slime creature comes into view.
The slime creature moves out of view.
A slime creature comes into view.
Found 9 gold pieces.
The slime creature quivers.
Casting: Fulminant Prism (safe; 1% risk of failure)
Confirm with . or Enter, or press ? or * to list all spells.
Aiming: Fulminant Prism (safe; 1% risk of failure)
Press: ? - help, Dir - move target You feel a surge of power!
You conjure a prism of explosive energy!
A fulminant prism comes into view.
Your fulminant prism crackles loudly.
Your fulminant prism explodes!
The blast of energy engulfs the slime creature!!!
The slime creature is heavily wounded.
The blast of energy engulfs the slime creature!!
The slime creature is heavily wounded.
The blast of energy engulfs the slime creature!!!
The slime creature is severely wounded.
The blast of energy engulfs the slime creature!!!
The slime creature is severely wounded.
You hear an angry buzzing noise. x3
Casting: Fulminant Prism (safe; 1% risk of failure)
Confirm with . or Enter, or press ? or * to list all spells.
Aiming: Fulminant Prism (safe; 1% risk of failure)
Press: ? - help, Dir - move target You feel a surge of power!
You conjure a prism of explosive energy!
A fulminant prism comes into view.
A vampire mosquito comes into view.
Unknown command.
The slime creature completely misses you.
Your fulminant prism crackles loudly.
Two slime creatures merge to form a large slime creature.
Unknown command.
The vampire mosquito bites your fulminant prism.
A vampire mosquito comes into view.
The slime creature closely misses you.
Your fulminant prism explodes!
The blast of energy engulfs the vampire mosquito!!
You destroy the vampire mosquito!
Makhleb accepts your kill.
You feel better.
The blast of energy engulfs the slime creature!!
You kill the slime creature!
Makhleb accepts your kill.
You feel better.
The blast of energy engulfs the large slime creature!!
The large slime creature is severely wounded.
The blast of energy engulfs the slime creature!!
You kill the slime creature!
Makhleb accepts your kill.
You hear a roar!
Unknown command.
Casting: Fulminant Prism (safe; 1% risk of failure)
Confirm with . or Enter, or press ? or * to list all spells.
You feel a surge of power!
You erupt in a blast of force!
The mystic blast hits the large slime creature!!
The large slime creature is almost dead.
The large slime creature is knocked back by the mystic blast.
A vampire mosquito comes into view.
Casting: Iskenderun's Mystic Blast (safe; 1% risk of failure)
Confirm with . or Enter, or press ? or * to list all spells.
Aiming: Fulminant Prism (safe; 1% risk of failure)
Press: ? - help, Dir - move target You feel a surge of power!
You conjure a prism of explosive energy!
A fulminant prism comes into view.
Your fulminant prism crackles loudly.
You block the vampire mosquito's attack.
Your fulminant prism explodes!
The blast of energy engulfs the vampire mosquito!!
The vampire mosquito is almost destroyed.
The blast of energy engulfs the large slime creature!!!
You kill the large slime creature!
Makhleb accepts your kill.
You feel better.
The blast of energy engulfs the vampire mosquito!!
You destroy the vampire mosquito!
Makhleb accepts your kill.
Casting: Fulminant Prism (safe; 1% risk of failure)
Confirm with . or Enter, or press ? or * to list all spells.
You feel a surge of power!
You erupt in a blast of force!
The mystic blast hits the vampire mosquito!
You destroy the vampire mosquito!
Makhleb accepts your kill.
You feel better.
You see here a vampire mosquito corpse.
You see here a vampire mosquito corpse.
You now have 2765 gold pieces (gained 9).
Found a stone staircase leading up.
You reach down and open the door.
An eight-headed hydra comes into view.
The eight-headed hydra roars!
Casting: Iskenderun's Mystic Blast (safe; 1% risk of failure)
Confirm with . or Enter, or press ? or * to list all spells.
Casting: Starburst (dangerous; 1% risk of failure)
Press: ? - help, Dir - look around, f - activate You feel a surge of power!
The bolt of fire hits the eight-headed hydra!!!
The eight-headed hydra is severely wounded.
Unknown command.
Casting: Starburst (dangerous; 1% risk of failure)
Confirm with . or Enter, or press ? or * to list all spells.
Casting: Starburst (dangerous; 1% risk of failure)
Press: ? - help, Dir - look around, f - activate You feel a surge of power!
The bolt of fire hits the eight-headed hydra!!!
You kill the eight-headed hydra!
Makhleb accepts your kill.
You feel better.
There is an open door here.
There is an open door here.
There is a stone staircase leading up here.
You now have 2778 gold pieces (gained 13).
Found a stone staircase leading down.
You reach down and open the door.
Found an amulet of faith.
There is an open door here.
You reach down and open the door.
There is an open door here.
There is an open door here.
A wizard and a red ugly thing come into view.
The red ugly thing moves out of view.
a - the staff of earth "Zaruus" (weapon)
{Will++} The wizard gestures wildly while chanting.
The wizard flickers and vanishes!
Deactivating autopickup; reactivate with Ctrl-A.
Casting: Starburst (dangerous; 1% risk of failure)
Confirm with . or Enter, or press ? or * to list all spells.
Aiming: Fulminant Prism (safe; 1% risk of failure)
Press: ? - help, Dir - move target You conjure a prism of explosive energy!
A fulminant prism comes into view.
Your fulminant prism crackles loudly.
A two-headed ogre comes into view. It is wielding two +0 dire flails.
Your fulminant prism explodes!
The blast of energy engulfs the two-headed ogre!!
The two-headed ogre is heavily wounded.
The blast of energy engulfs the red ugly thing!!
The red ugly thing is heavily wounded.
You hear a horrible gurgling sound!
You hear a shout!
Casting: Fulminant Prism (safe; 1% risk of failure)
Confirm with . or Enter, or press ? or * to list all spells.
Aiming: Fulminant Prism (safe; 1% risk of failure)
Press: ? - help, Dir - move target You conjure a prism of explosive energy!
A fulminant prism comes into view.
A deep elf pyromancer comes into view. It is wielding a +0 dagger.
Your fulminant prism crackles loudly.
Casting: Fulminant Prism (safe; 1% risk of failure)
Confirm with . or Enter, or press ? or * to list all spells.
You erupt in a blast of force!
The mystic blast hits the deep elf pyromancer!
The deep elf pyromancer is almost dead.
The deep elf pyromancer is knocked back by the mystic blast.
The deep elf pyromancer collides with your fulminant prism!
Your fulminant prism is severely damaged.
You kill the deep elf pyromancer!
Makhleb accepts your kill.
You feel better.
The mystic blast hits the two-headed ogre!!
The two-headed ogre is severely wounded.
The two-headed ogre is knocked back by the mystic blast.
The two-headed ogre collides with your fulminant prism!
Your fulminant prism is almost destroyed.
The two-headed ogre is almost dead.
Something hits your fulminant prism.
Your fulminant prism explodes!
The blast of energy engulfs the two-headed ogre!!
You kill the two-headed ogre!
Makhleb accepts your kill.
You feel better.
The blast of energy engulfs something!!
Makhleb accepts your kill.
Reactivating autopickup.
You feel a bit more experienced.
The blast of energy engulfs the red ugly thing!
The red ugly thing is severely wounded.
You hear a horrible gurgling sound!
Casting: Iskenderun's Mystic Blast (safe; 1% risk of failure)
Confirm with . or Enter, or press ? or * to list all spells.
Aiming: Fulminant Prism (safe; 1% risk of failure)
Press: ? - help, Dir - move target You conjure a prism of explosive energy!
A fulminant prism comes into view.
The red ugly thing headbutts you!
You are engulfed in flames.
You resist.
Your fulminant prism crackles loudly.
The red ugly thing barely misses you.
Your fulminant prism explodes!
The blast of energy engulfs the red ugly thing!!
You kill the red ugly thing!
Makhleb accepts your kill.
You feel better.
Unknown command.
You start resting.
A troll comes into view.
Casting: Fulminant Prism (safe; 1% risk of failure)
Confirm with . or Enter, or press ? or * to list all spells.
Aiming: Fulminant Prism (safe; 1% risk of failure)
Press: ? - help, Dir - move target You conjure a prism of explosive energy!
A fulminant prism comes into view.
Your fulminant prism crackles loudly.
Your fulminant prism explodes!
The blast of energy engulfs the troll!
The troll is heavily wounded.
Casting: Fulminant Prism (safe; 1% risk of failure)
Confirm with . or Enter, or press ? or * to list all spells.
Aiming: Fulminant Prism (safe; 1% risk of failure)
Press: ? - help, Dir - move target You conjure a prism of explosive energy!
A fulminant prism comes into view.
Your fulminant prism crackles loudly.
Your fulminant prism explodes!
Casting: Fulminant Prism (safe; 1% risk of failure)
Confirm with . or Enter, or press ? or * to list all spells.
You erupt in a blast of force!
The mystic blast hits the troll.
The troll is heavily wounded.
The troll completely misses you. You block the troll's attack.
The troll completely misses you.
Unknown command.
Casting: Iskenderun's Mystic Blast (safe; 1% risk of failure)
Confirm with . or Enter, or press ? or * to list all spells.
Casting: Starburst (dangerous; 1% risk of failure)
Press: ? - help, Dir - look around, f - activate The bolt of fire hits the troll!!!
You kill the troll!
Makhleb accepts your kill.
You feel better.
Unknown command.
HP restored.
You see here an ugly thing corpse.
Found a gate to the Vaults.
Items here: ))) †.
Found a stone staircase leading down.
There is an open door here.
Things that are here:
a +0 dagger; a +0 robe; a human corpse
There is an open door here.
You reach down and open the door.
There is an open door here.
S - 15 scrolls of teleportation (gained 1)
There is an open door here.
Found a stone staircase leading up.
You now have 2796 gold pieces (gained 18).
You reach down and open the door.
Found a stone staircase leading down.
There is a stone staircase leading down here.
Found 7 stones.
Found 6 stones.
You now have 2807 gold pieces (gained 11).
g - 4 scrolls of identify (gained 1)
You reach down and open the door.
There is an open door here.
You reach down and open the door.
There is an open door here.
You now have 2828 gold pieces (gained 21).
You reach down and open the door.
There is an open door here.
An acid dragon comes into view.
Casting: Starburst (dangerous; 1% risk of failure)
Confirm with . or Enter, or press ? or * to list all spells.
Aiming: Fulminant Prism (safe; 1% risk of failure)
Press: ? - help, Dir - move target You conjure a prism of explosive energy!
A fulminant prism comes into view.
Your fulminant prism crackles loudly.
The acid dragon roars!
The acid dragon spits acid at you. The splash of acid hits you!
Your fulminant prism explodes!
The blast of energy engulfs the acid dragon!!
You kill the acid dragon!
Makhleb accepts your kill.
You feel better.
You reach down and open the door.
There is an open door here.
A purple ugly thing comes into view.
Casting: Fulminant Prism (safe; 1% risk of failure)
Confirm with . or Enter, or press ? or * to list all spells.
Aiming: Fulminant Prism (safe; 1% risk of failure)
Press: ? - help, Dir - move target You conjure a prism of explosive energy!
The purple ugly thing gurgles horribly!
A fulminant prism comes into view.
Your fulminant prism crackles loudly.
Your fulminant prism explodes!
The blast of energy engulfs the purple ugly thing!!
The purple ugly thing is heavily wounded.
Casting: Fulminant Prism (safe; 1% risk of failure)
Confirm with . or Enter, or press ? or * to list all spells.
Casting: Starburst (dangerous; 1% risk of failure)
Press: ? - help, Dir - look around, f - activate The bolt of fire hits the purple ugly thing!!!
You kill the purple ugly thing!
Makhleb accepts your kill.
You feel better.
Unknown command.
You see here an ugly thing corpse.
There is an open door here.
There is an open door here.
You reach down and open the door.
There is an open door here.
There is an open door here.
There is an open door here.
You reach down and open the door.
A troll comes into view.
The troll shouts!
Casting: Starburst (dangerous; 1% risk of failure)
Confirm with . or Enter, or press ? or * to list all spells.
Aiming: Fulminant Prism (safe; 1% risk of failure)
Press: ? - help, Dir - move target You conjure a prism of explosive energy!
A fulminant prism comes into view.
Your fulminant prism crackles loudly.
The troll completely misses you. You block the troll's attack.
The troll completely misses you.
Your fulminant prism explodes!
The blast of energy engulfs the troll!!
The troll is severely wounded.
Unknown command.
Casting: Fulminant Prism (safe; 1% risk of failure)
Confirm with . or Enter, or press ? or * to list all spells.
Casting: Starburst (dangerous; 1% risk of failure)
Press: ? - help, Dir - look around, f - activate That beam is likely to hit you.
Continue anyway?
Okay, then.
Casting: Starburst (dangerous; 1% risk of failure)
Confirm with . or Enter, or press ? or * to list all spells.
Casting: Starburst (dangerous; 1% risk of failure)
Press: ? - help, Dir - look around, f - activate That beam is likely to hit you.
Continue anyway? [Y]es or [N]o only, please.
That beam is likely to hit you.
Continue anyway?
Okay, then.
Casting: Starburst (dangerous; 1% risk of failure)
Confirm with . or Enter, or press ? or * to list all spells.
You erupt in a blast of force!
The mystic blast hits the troll!
You kill the troll!
Makhleb accepts your kill.
You feel better.
Your Fighting skill increases to level 11!
There is an open door here.
You see here a troll corpse.
A cyclops comes into view.
Casting: Iskenderun's Mystic Blast (safe; 1% risk of failure)
Confirm with . or Enter, or press ? or * to list all spells.
Aiming: Fulminant Prism (safe; 1% risk of failure)
Press: ? - help, Dir - move target You conjure a prism of explosive energy!
A fulminant prism comes into view.
Found a scroll of poison.
Your fulminant prism crackles loudly.
The cyclops throws a large rock.
You block the large rock with your +0 kite shield of reflection... and reflect it back!
The large rock hits the cyclops!!
Your fulminant prism explodes!
Casting: Fulminant Prism (safe; 1% risk of failure)
Confirm with . or Enter, or press ? or * to list all spells.
Aiming: Fulminant Prism (safe; 1% risk of failure)
Press: ? - help, Dir - move target You conjure a prism of explosive energy!
A fulminant prism comes into view.
The cyclops throws a large rock.
You block the large rock with your +0 kite shield of reflection... and reflect it back!
The large rock hits the cyclops!
Your fulminant prism crackles loudly.
Your fulminant prism explodes!
The blast of energy engulfs the cyclops!!
You kill the cyclops!
Makhleb accepts your kill.
You feel better.
Unknown command.
r - 4 scrolls of poison (gained 1)
There is an open door here.
A two-headed ogre comes into view.
It is wielding a +0 giant club and a +0 giant spiked club.
Casting: Fulminant Prism (safe; 1% risk of failure)
Confirm with . or Enter, or press ? or * to list all spells.
Aiming: Fulminant Prism (safe; 1% risk of failure)
Press: ? - help, Dir - move target You conjure a prism of explosive energy!
A fulminant prism comes into view.
Your fulminant prism crackles loudly.
There is an open door here.
Your fulminant prism explodes!
The blast of energy engulfs the two-headed ogre!
The two-headed ogre is moderately wounded.
The blast of energy engulfs you!!
Casting: Fulminant Prism (safe; 1% risk of failure)
Confirm with . or Enter, or press ? or * to list all spells.
You erupt in a blast of force!
The mystic blast hits the two-headed ogre!
The two-headed ogre is heavily wounded.
The two-headed ogre is knocked back by the mystic blast.
Casting: Iskenderun's Mystic Blast (safe; 1% risk of failure)
Confirm with . or Enter, or press ? or * to list all spells.
Aiming: Fulminant Prism (safe; 1% risk of failure)
Press: ? - help, Dir - move target You conjure a prism of explosive energy!
A fulminant prism comes into view.
Casting: Fulminant Prism (safe; 1% risk of failure)
Confirm with . or Enter, or press ? or * to list all spells.
You erupt in a blast of force!
The mystic blast hits the two-headed ogre!
The two-headed ogre is severely wounded.
The two-headed ogre is knocked back by the mystic blast.
Your fulminant prism crackles loudly.
Your fulminant prism explodes!
The blast of energy engulfs the two-headed ogre!
The two-headed ogre is almost dead.
Unknown command.
Casting: Iskenderun's Mystic Blast (safe; 1% risk of failure)
Confirm with . or Enter, or press ? or * to list all spells.
You erupt in a blast of force!
The mystic blast hits the two-headed ogre!!
You kill the two-headed ogre!
Makhleb accepts your kill.
You feel better.
Your Dodging skill increases to level 11!
Things that are here:
a +0 giant club; a +0 giant spiked club; a two-headed ogre corpse You reach down and open the door.
There is an open door here.
Done exploring.
Done exploring.
Search for what [Enter for "misc", or ? for help]? d:13 Unknown command.
Things that are here:
a +0 giant club; a +0 giant spiked club
There is a stone staircase leading down here.
You fly downwards.
There is a stone staircase leading up here.
Found a book of Weapons.
E - a ring of wizardry You now have 2846 gold pieces (gained 18).
A manticore comes into view.
Casting: Iskenderun's Mystic Blast (safe; 1% risk of failure)
Confirm with . or Enter, or press ? or * to list all spells.
Aiming: Fulminant Prism (safe; 1% risk of failure)
Press: ? - help, Dir - move target You conjure a prism of explosive energy!
A fulminant prism comes into view.
Your fulminant prism crackles loudly.
Your fulminant prism explodes!
The blast of energy engulfs the manticore!!!
The manticore is almost dead.
Casting: Fulminant Prism (safe; 1% risk of failure)
Confirm with . or Enter, or press ? or * to list all spells.
Aiming: Fulminant Prism (safe; 1% risk of failure)
Press: ? - help, Dir - move target You conjure a prism of explosive energy!
A fulminant prism comes into view.
Your fulminant prism crackles loudly.
The manticore flicks its tail.
The volley of spikes misses you.
Your fulminant prism explodes!
The blast of energy engulfs the manticore!!
You kill the manticore!
Makhleb accepts your kill.
You feel better.
You now have 2862 gold pieces (gained 16).
You reach down and open the door.
Found a great sword.
There is an open door here.
There is an open door here.
Found a stone staircase leading up.
A boulder beetle comes into view.
Found a plate armour.
You rampage towards the boulder beetle!
Casting: Fulminant Prism (safe; 1% risk of failure)
Confirm with . or Enter, or press ? or * to list all spells.
Aiming: Fulminant Prism (safe; 1% risk of failure)
Press: ? - help, Dir - move target You conjure a prism of explosive energy!
A fulminant prism comes into view.
Your fulminant prism crackles loudly.
Your fulminant prism explodes!
The blast of energy engulfs the boulder beetle!
The boulder beetle is lightly wounded.
The boulder beetle curls into a ball and begins rolling!
You hear a horrible gurgling sound! x3
Casting: Fulminant Prism (safe; 1% risk of failure)
Confirm with . or Enter, or press ? or * to list all spells.
Casting: Starburst (dangerous; 1% risk of failure)
Press: ? - help, Dir - look around, f - activate The bolt of fire hits the boulder beetle!!
The boulder beetle is heavily wounded.
Unknown command.
Casting: Starburst (dangerous; 1% risk of failure)
Confirm with . or Enter, or press ? or * to list all spells.
Casting: Starburst (dangerous; 1% risk of failure)
Press: ? - help, Dir - look around, f - activate The bolt of fire hits the boulder beetle!!
You kill the boulder beetle!
Makhleb accepts your kill.
You feel better.
Unknown command.
A white ugly thing comes into view.
Casting: Starburst (dangerous; 1% risk of failure)
Confirm with . or Enter, or press ? or * to list all spells.
Aiming: Fulminant Prism (safe; 1% risk of failure)
Press: ? - help, Dir - move target You conjure a prism of explosive energy!
A fulminant prism comes into view.
A white ugly thing comes into view.
Your fulminant prism crackles loudly.
A white ugly thing comes into view.
Your fulminant prism explodes!
The blast of energy engulfs the white ugly thing!!
The white ugly thing is moderately wounded.
The blast of energy engulfs the white ugly thing!
The white ugly thing is lightly wounded.
You hear a horrible gurgling sound!
Casting: Fulminant Prism (safe; 1% risk of failure)
Confirm with . or Enter, or press ? or * to list all spells.
Aiming: Fulminant Prism (safe; 1% risk of failure)
Press: ? - help, Dir - move target You conjure a prism of explosive energy!
A fulminant prism comes into view.
A white ugly thing comes into view.
Casting: Fulminant Prism (safe; 1% risk of failure)
Confirm with . or Enter, or press ? or * to list all spells.
Casting: Starburst (dangerous; 1% risk of failure)
Press: ? - help, Dir - look around, f - activate The bolt of fire hits the white ugly thing!!!
The white ugly thing is almost dead.
The bolt of fire misses the white ugly thing.
A white ugly thing comes into view.
Your fulminant prism crackles loudly.
A white ugly thing comes into view.
The white ugly thing claws you. The white ugly thing freezes you!!
Casting: Starburst (dangerous; 1% risk of failure)
Confirm with . or Enter, or press ? or * to list all spells.
Casting: Starburst (dangerous; 1% risk of failure)
Press: ? - help, Dir - look around, f - activate The bolt of fire hits the white ugly thing!!
You kill the white ugly thing!
Makhleb accepts your kill.
You feel better.
The bolt of fire hits the white ugly thing!!!
The white ugly thing is severely wounded.
The bolt of fire hits the white ugly thing!!!
The white ugly thing is severely wounded.
Your fulminant prism explodes!
The blast of energy engulfs the white ugly thing!!
You kill the white ugly thing!
Makhleb accepts your kill.
You feel better.
The blast of energy engulfs the white ugly thing!!
You kill the white ugly thing!
Makhleb accepts your kill.
You feel better.
The blast of energy engulfs the white ugly thing!!!
The white ugly thing is severely wounded.
The blast of energy engulfs the white ugly thing!!!
The white ugly thing is severely wounded.
Unknown command.
Casting: Starburst (dangerous; 1% risk of failure)
Confirm with . or Enter, or press ? or * to list all spells.
Aiming: Fulminant Prism (safe; 1% risk of failure)
Press: ? - help, Dir - move target You conjure a prism of explosive energy!
A fulminant prism comes into view.
Casting: Fulminant Prism (safe; 1% risk of failure)
Confirm with . or Enter, or press ? or * to list all spells.
Casting: Starburst (dangerous; 1% risk of failure)
Press: ? - help, Dir - look around, f - activate The bolt of fire hits the white ugly thing!!!
You kill the white ugly thing!
Makhleb accepts your kill.
You feel better.
The bolt of fire hits the white ugly thing!!!
You kill the white ugly thing!
Makhleb accepts your kill.
You feel better.
The bolt of fire hits the white ugly thing!!!
The white ugly thing is severely wounded.
Your fulminant prism crackles loudly.
Unknown command.
Your fulminant prism explodes!
The blast of energy engulfs the white ugly thing!!!
You kill the white ugly thing!
Makhleb accepts your kill.
You feel better.
HP restored.
Something unseen opens the door.
You sense a monster nearby.
A wraith and a phantasmal warrior come into view.
Found a wand of quicksilver (5).
A death knight comes into view. It is wielding a +4 glaive.
The phantasmal warrior moves out of view.
Casting: Starburst (dangerous; 1% risk of failure)
Confirm with . or Enter, or press ? or * to list all spells.
Casting: Starburst (dangerous; 1% risk of failure)
Press: ? - help, Dir - look around, f - activate
Okay, then.
Unknown command.
Casting: Starburst (dangerous; 1% risk of failure)
Confirm with . or Enter, or press ? or * to list all spells.
Aiming: Fulminant Prism (safe; 1% risk of failure)
Press: ? - help, Dir - move target You conjure a prism of explosive energy!
A fulminant prism comes into view.
The death knight hits you with a +4 glaive!!
Something hits your fulminant prism!
Casting: Fulminant Prism (safe; 1% risk of failure)
Confirm with . or Enter, or press ? or * to list all spells.
Casting: Starburst (dangerous; 1% risk of failure)
Press: ? - help, Dir - look around, f - activate You miscast Starburst.
You are very lightly contaminated with residual magic.
Nothing appears to happen.
A freezing wraith comes into view.
Something hits your fulminant prism! You block the death knight's attack.
Your fulminant prism crackles loudly.
Casting: Starburst (dangerous; 1% risk of failure)
Confirm with . or Enter, or press ? or * to list all spells.
Casting: Starburst (dangerous; 1% risk of failure)
Press: ? - help, Dir - look around, f - activate The bolt of fire hits the death knight!!!
The death knight is heavily wounded.
Something hits your fulminant prism!!
Your fulminant prism explodes!
The blast of energy engulfs the wraith!!
The wraith is heavily damaged.
The death knight misses you.
Unknown command.
Casting: Starburst (dangerous; 1% risk of failure)
Confirm with . or Enter, or press ? or * to list all spells.
Aiming: Fulminant Prism (safe; 1% risk of failure)
Press: ? - help, Dir - move target You conjure a prism of explosive energy!
A fulminant prism comes into view.
A wraith comes into view.
Something hits your fulminant prism!
The death knight hits you with a +4 glaive!!
Unknown command.
Casting: Fulminant Prism (safe; 1% risk of failure)
Confirm with . or Enter, or press ? or * to list all spells.
Casting: Starburst (dangerous; 1% risk of failure)
Press: ? - help, Dir - look around, f - activate The bolt of fire hits the death knight!!!
The death knight is almost dead.
Something hits your fulminant prism. The death knight barely misses you.
Your fulminant prism crackles loudly.
Unknown command.
Unknown command.
Casting: Starburst (dangerous; 1% risk of failure)
Confirm with . or Enter, or press ? or * to list all spells.
Casting: Starburst (dangerous; 1% risk of failure)
Press: ? - help, Dir - look around, f - activate The bolt of fire misses the death knight.
The death knight hits you with a +4 glaive!!
* * * LOW HITPOINT WARNING * * *
Something hits your fulminant prism!
Your fulminant prism explodes!
Makhleb accepts your kill.
You feel better.
You feel a bit more experienced.
The blast of energy engulfs the freezing wraith!!
The freezing wraith is severely damaged.
Casting: Starburst (dangerous; 1% risk of failure)
Confirm with . or Enter, or press ? or * to list all spells.
Casting: Starburst (dangerous; 1% risk of failure)
Press: ? - help, Dir - look around, f - activate The bolt of fire hits the death knight!!!
You kill the death knight!
Makhleb accepts your kill.
* * * LOW HITPOINT WARNING * * *
Your Spellcasting skill increases to level 17!
The freezing wraith attacks as you move away!
The freezing wraith hits you!
* * * LOW HITPOINT WARNING * * *
The freezing wraith freezes you!!
You die...

Skill      XL: |  1  2  3  4  5  6  7  8  9 10 11 12 13 14 15 16 17 |
---------------+----------------------------------------------------+-----
Fighting       | 1 2 3 5 6 8 10 11 | 11.1
Stealth        | 2 3 5 6 |  6.7
Spellcasting   | 4 5 6 8 10 11 13 14 15 16 17 | 17.0
Evocations     | 4 8 11 12 | 12.0
Armour         | 3 5 |  5.0
Dodging        | 4 6 9 10 11 | 11.1
Shields        | 4 5 |  5.9

Action                     |  1- 3 |  4- 6 |  7- 9 | 10-12 | 13-15 | 16-18 || total
---------------------------+-------+-------+-------+-------+-------+-------++-------
  Melee: Unarmed           |     1 |       |       |       |       |       ||     1
         Dagger            |       |     4 |       |     1 |       |       ||     5
         Staff             |       |       |       |       |     3 |     2 ||     5
   Cast: Magic Dart        |    42 |    27 |    12 |     6 |     1 |       ||    88
         Searing Ray       |    11 |    43 |    49 |    23 |     2 |       ||   128
         Fulminant Prism   |       |       |    23 |   103 |   252 |   172 ||   550
         Iskenderun's Myst |       |       |       |    31 |   122 |    51 ||   204
         Mephitic Cloud    |       |       |       |     1 |       |       ||     1
         Metabolic Englaci |       |       |       |       |     1 |       ||     1
         Starburst         |       |       |       |       |       |    76 ||    76
    Use: Scroll            |       |       |     1 |    10 |    10 |     2 ||    23
         Potion            |       |       |       |     1 |       |       ||     1
 Armour: Robe              |       |     2 |     2 |     2 |    29 |     9 ||    44
  Dodge: Dodged            |     4 |     7 |    24 |    28 |   107 |    85 ||   255
  Block: Kite shield       |       |       |       |       |       |    27 ||    27
         Reflection        |       |       |       |       |       |     4 ||     4
         Buckler           |       |       |       |       |       |     1 ||     1

Levels and vault maps discovered:
D:1:      dpeg_arrival_court, layout_basic, ebering_ecumenical_altar_abandoned
D:2:      layout_loops_ring, serial_forest, infiniplex_forest_clump_medium,
          infiniplex_forest_clump_C, infiniplex_forest_corner_1,
          infiniplex_forest_clump_long, infiniplex_forest_lined_3,
          infiniplex_forest_lined_3, infiniplex_forest_straight_5,
          minmay_worlds_worst_comb, uniq_jessica
D:3:      layout_basic
D:4:      layout_loops_cross, serial_shops, nicolae_lakefront_shop,
          kennysheep_opposing_triangles
D:5:      layout_basic, serial_shops, nicolae_shop_real_fake_doors,
          serial_glass, glass_columns_c, glass_columns_a
D:6:      layout_cave_pools, mainiacjoe_overflow_two_lobes
D:7:      layout_gridville, minmay_temple_entry_drinking_statues,
          minmay_ruffians
D:8:      layout_loops_cross, minmay_misc_feat_pillars, uniq_joseph,
          uniq_amaemon, uniq_grum
D:9:      layout_small_grid, dpeg_lair_monsters, ebering_ghost_xom
D:10:     cheibrodos_fzero, layout_loops_ring, serial_shops, shop,
          nicolae_inconvenience_store, uniq_harold, uniq_fannar, uniq_erica
D:11:     layout_basic, david_orc_5, serial_shops,
          nicolae_shop_tiny_statue_garden, gauntlet_entry_generic
D:12:     layout_stronghold, minmay_evil_grid, uniq_urug, uniq_kirke, uniq_lodul
D:13:     layout_irregular_city, david_vaults_1
D:14:     layout_stronghold
Temple:   nicolae_temple_slightly_damp_pantheon
Lair:1:   layout_concentric_octagons, serial_bayou_shore_a, serial_bayou_shore_b
Lair:2:   layout_cave_shapes, swamp_mist, chequers_serial_rivers_large_a,
          minivault_11, grunt_forest_large_clearing_hut, uniq_gastronok,
          uniq_nergalle
Lair:3:   layout_gridlike, nicolae_snake_entry_warm_welcome, serial_forest,
          infiniplex_forest_clump_C, infiniplex_forest_end_double,
          infiniplex_forest_clump_double, infiniplex_forest_lined_3,
          infiniplex_forest_straight_4, infiniplex_forest_clump_large,
          serial_bayou_shore_b, lemuel_fruit_tree
Lair:4:   beargit_carnivore_pack, layout_cave_pods, beast_lair_carwin_9,
          lemuel_fruit_fields
Lair:5:   guppyfry_lair_end_dragon, layout_gridlike, hangedman_lair_in_review,
          minmay_slime_entry_oklob_enclosed, nicolae_lair_grazing_beasts
          [nicolae_sub_lair_graze_edge, nicolae_sub_lair_graze_edge,
          nicolae_sub_lair_graze_edge, nicolae_sub_lair_graze_edge],
          grunt_megastairs_2
Orc:1:    layout_caves, gammafunk_ghost_fury_of_okawaru,
          portal_ice_cave_entry_pillars_1, bloody_makhleb
Orc:2:    hellmonk_orc_salted, layout_diamond_mine, serial_shops,
          nicolae_shop_rolled_up

Notes
Turn   | Place    | Note
-------+----------+-------------------------------------------
     0 | D:1      | scionoferis the Djinni Conjurer began the quest for the
                  | Orb.
     0 | D:1      | scionoferis set off with the following spells memorised:
                  | Magic Dart, Searing Ray, Dazzling Flash, Fulminant Prism,
                  | Iskenderun's Mystic Blast.
     0 | D:1      | Reached XP level 1. HP: 15/15 MP: 0/0
   262 | D:1      | Reached XP level 2. HP: 21/22 MP: 0/0
   505 | D:1      | Found a faded altar of an unknown god.
   535 | D:1      | Reached skill level 1 in Fighting
   535 | D:1      | Reached XP level 3. HP: 23/27 MP: 0/0
   535 | D:1      | Learned a level 1 spell: Beastly Appendage
   573 | D:1      | Reached skill level 2 in Stealth
  1215 | D:2      | You are sucked into a shaft and drop 2 floors!
  1219 | D:4      | Reached XP level 4. HP: 30/32 MP: 0/0
  1466 | D:2      | Noticed Jessica
  1470 | D:2      | Killed Jessica
  1471 | D:2      | Reached skill level 4 in Spellcasting
  1659 | D:2      | Reached XP level 5. HP: 29/38 MP: 0/0
  1659 | D:2      | Learned a level 2 spell: Poisonous Vapours
  1809 | D:2      | Identified the +0 robe "Omaneih" {*Corrode rF+ Int+5}
  2133 | D:3      | Reached skill level 2 in Fighting
  3073 | D:4      | Reached XP level 6. HP: 41/45 MP: 0/0
  3155 | D:4      | Reached skill level 3 in Stealth
  3382 | D:4      | Reached skill level 3 in Fighting
  3382 | D:4      | Reached XP level 7. HP: 24/50 MP: 0/0
  3382 | D:4      | Learned a level 3 spell: Mephitic Cloud
  3519 | D:4      | Found Iwnecinesy's Distillery.
  3709 | D:4      | Reached skill level 5 in Spellcasting
  4094 | D:5      | Entered Level 5 of the Dungeon
  4568 | D:5      | Found Ucokunuh's General Store.
  4616 | D:5      | Reached XP level 8. HP: 46/58 MP: 0/0
  4618 | D:5      | Reached skill level 4 in Stealth
  5163 | D:5      | Reached skill level 4 in Fighting
  5583 | D:6      | Reached skill level 6 in Spellcasting
  6058 | D:6      | Found a shadowy altar of Dithmenos.
  6268 | D:7      | Reached skill level 5 in Fighting
  6268 | D:7      | Reached skill level 5 in Stealth
  6268 | D:7      | Reached XP level 9. HP: 53/65 MP: 0/0
  6268 | D:7      | Learned a level 3 spell: Call Canine Familiar
  6323 | D:7      | Found a staircase to the Ecumenical Temple.
  6341 | Temple   | Entered the Ecumenical Temple
  6510 | Temple   | Became a worshipper of Makhleb the Destroyer
  6583 | D:7      | Reached skill level 7 in Spellcasting
  6643 | D:7      | Reached skill level 6 in Fighting
  6686 | D:7      | Reached skill level 8 in Spellcasting
  6968 | D:7      | Reached XP level 10. HP: 58/73 MP: 0/0
  6981 | D:7      | Reached skill level 7 in Fighting
  7132 | D:7      | Reached skill level 9 in Spellcasting
  7877 | D:8      | Reached skill level 8 in Fighting
  7892 | D:8      | Noticed Joseph
  7933 | D:8      | Killed Joseph
  8063 | D:8      | Noticed Amaemon
  8066 | D:8      | Noticed an orange demon
  8186 | D:8      | Killed Amaemon
  8187 | D:8      | Reached skill level 10 in Spellcasting
  8187 | D:8      | Reached XP level 11. HP: 68/82 MP: 0/0
  8187 | D:8      | Learned a level 5 spell: Blade Hands
  8423 | D:8      | Noticed Grum
  8429 | D:8      | Reached * piety under Makhleb
  8432 | D:8      | Killed Grum
  8568 | D:8      | Reached skill level 9 in Fighting
  9235 | D:9      | Identified the +6 trident of Disarray {drain, Str+3}
  9343 | D:9      | Found a staircase to the Lair.
  9343 | D:9      | Noticed a death yak
  9343 | D:9      | Noticed a death yak
  9344 | D:9      | Noticed a death yak
  9344 | D:9      | Noticed a death yak
  9368 | D:9      | Killed a death yak
  9371 | D:9      | Killed a death yak
  9372 | D:9      | Killed a death yak
  9373 | D:9      | Reached skill level 11 in Spellcasting
  9559 | D:9      | Killed a death yak
 10029 | D:9      | Reached skill level 10 in Fighting
 10097 | D:9      | Found a runed translucent door.
 10097 | D:9      | Found a shimmering altar of Xom.
 10097 | D:9      | Noticed mandoloar's ghost (journeyman FoFi)
 10097 | D:9      | Noticed a +2 halberd of chaos
 10311 | D:10     | Entered Level 10 of the Dungeon
 10311 | D:10     | Noticed Harold
 10354 | D:10     | Reached XP level 12. HP: 80/91 MP: 0/0
 10359 | D:10     | Reached ** piety under Makhleb
 10498 | D:10     | Noticed Erica
 10501 | D:10     | Found Souptar's General Store.
 10709 | D:10     | Reached skill level 12 in Spellcasting
 10711 | D:10     | Noticed a two-headed ogre
 10718 | D:10     | Killed a two-headed ogre
 10743 | D:10     | Killed Harold
 10753 | D:10     | Noticed Fannar
 10757 | D:10     | Killed Fannar
 10780 | D:10     | Reached skill level 13 in Spellcasting
 10998 | D:10     | Found Cyicoyst's Weapon Boutique.
 11115 | D:10     | HP: 9/91 [cyclops/large rock (36)]
 11442 | D:10     | Noticed a two-headed ogre
 11446 | D:10     | Killed a two-headed ogre
 11698 | D:10     | Killed Erica
 11983 | D:11     | Noticed a two-headed ogre
 11989 | D:11     | Killed a two-headed ogre
 11990 | D:11     | Reached XP level 13. HP: 91/96 MP: 0/0
 11990 | D:11     | Learned a level 5 spell: Metabolic Englaciation
 12020 | D:11     | Found Veihoohu's Weapon Boutique.
 12060 | D:11     | Found a gate leading to a gauntlet.
 12075 | Gauntlet | Entered a Gauntlet
 12075 | Gauntlet | Found a transporter.
 12075 | Gauntlet | Found a transporter.
 12081 | Gauntlet | Found a transporter.
 12097 | Gauntlet | Found a transporter.
 12104 | Gauntlet | Found a runed translucent door.
 12112 | Gauntlet | Found a transporter.
 12112 | Gauntlet | Found a transporter.
 12112 | Gauntlet | Found a transporter.
 12115 | Gauntlet | Found a transporter.
 12115 | Gauntlet | Found a transporter.
 12127 | Gauntlet | Found a transporter.
 12144 | Gauntlet | Found a runed translucent door.
 12145 | Gauntlet | Found a transporter.
 12146 | Gauntlet | Found a runed translucent door.
 12155 | Gauntlet | Found a transporter.
 12174 | Gauntlet | Found a transporter.
 12192 | Gauntlet | Found a transporter.
 12306 | Gauntlet | Reached skill level 14 in Spellcasting
 12337 | Gauntlet | Reached *** piety under Makhleb
 12368 | Gauntlet | Identified the +2 pair of gloves of the Blessed Realm
                  | {Rampage}
 12388 | Gauntlet | Noticed a minotaur
 12393 | Gauntlet | Killed a minotaur
 12446 | Gauntlet | Identified the staff of earth "Zaruus" {Will++}
 12446 | Gauntlet | Identified the +3 scale mail of Resilience {Rampage *Slow
                  | Fly rPois}
 12830 | D:11     | Reached skill level 1 in Evocations
 12850 | D:11     | Reached skill level 1 in Armour
 12942 | D:11     | Found a staircase to the Orcish Mines.
 12967 | D:11     | Reached skill level 2 in Evocations
 13274 | Lair:1   | Entered Level 1 of the Lair of Beasts
 13569 | D:12     | Reached **** piety under Makhleb
 13570 | D:12     | Reached skill level 3 in Dodging
 13855 | D:12     | Identified the +8 bardiche of Ancient Evil {heavy, *Slow
                  | Int+3 Dex+3}
 13878 | D:12     | Reached skill level 2 in Armour
 13878 | D:12     | Reached skill level 3 in Evocations
 13878 | D:12     | Noticed Urug
 13880 | D:12     | Noticed Lodul
 13881 | D:12     | Killed Lodul
 13887 | D:12     | Killed Urug
 13950 | D:12     | Noticed an ogre mage
 13960 | D:12     | Killed an ogre mage
 13973 | D:12     | Reached skill level 4 in Evocations
 13979 | D:12     | Reached skill level 4 in Dodging
 13984 | D:12     | Reached skill level 3 in Armour
 13984 | D:12     | Reached XP level 14. HP: 74/103 MP: 0/0
 14428 | D:4      | Bought a potion of ambrosia for 88 gold pieces
 14428 | D:4      | Bought a potion of haste for 110 gold pieces
 14428 | D:4      | Bought a potion of lignification for 33 gold pieces
 14428 | D:4      | Bought a potion of attraction for 33 gold pieces
 14428 | D:4      | Bought a potion of curing for 33 gold pieces
 14647 | D:12     | Noticed Kirke
 14651 | D:12     | Reached skill level 15 in Spellcasting
 14659 | D:12     | Killed Kirke
 14789 | D:12     | Reached skill level 5 in Evocations
 14908 | D:12     | Reached skill level 4 in Armour
 14916 | D:12     | Reached skill level 5 in Dodging
 14921 | D:12     | Reached skill level 6 in Evocations
 15333 | D:9      | Killed mandoloar's ghost
 15595 | Lair:1   | You are sucked into a shaft and drop 1 floor!
 16289 | Lair:1   | Reached skill level 7 in Evocations
 16639 | Lair:1   | Reached skill level 5 in Armour
 16644 | Lair:1   | Reached skill level 6 in Dodging
 16875 | Lair:2   | Noticed Gastronok
 16896 | Lair:2   | Noticed Nergalle
 16900 | Lair:2   | Killed Nergalle
 16919 | Lair:2   | Killed Gastronok
 17143 | Lair:2   | Found a staircase to the Swamp.
 17297 | Lair:2   | Reached skill level 8 in Evocations
 17312 | Lair:2   | Reached XP level 15. HP: 98/107 MP: 0/0
 17312 | Lair:2   | Learned a level 6 spell: Starburst
 17615 | Lair:3   | Reached ***** piety under Makhleb
 17694 | Lair:3   | Found a staircase to the Snake Pit.
 17765 | Lair:3   | Identified the +1 robe "Xuploac" {rElec Str+6 Stlth-}
 17830 | Lair:3   | Reached skill level 7 in Dodging
 18728 | Lair:3   | Identified 2 potions of resistance
 19027 | Lair:4   | Reached skill level 9 in Evocations
 19714 | Lair:5   | Entered Level 5 of the Lair of Beasts
 19921 | Lair:5   | Reached skill level 8 in Dodging
 19921 | Lair:5   | Reached skill level 10 in Evocations
 20474 | Lair:5   | Reached skill level 11 in Evocations
 20577 | Lair:5   | Upgraded the game from 0.31-a0-37-g98a128e1d9 to
                  | 0.31-a0-38-g1548c4f2a5
 20637 | Lair:5   | Reached skill level 16 in Spellcasting
 20742 | Lair:5   | Reached skill level 9 in Dodging
 20752 | Lair:5   | Reached XP level 16. HP: 113/113 MP: 0/0
 20776 | Lair:5   | Reached ****** piety under Makhleb
 20777 | Lair:5   | Reached skill level 1 in Shields
 21119 | Lair:5   | Reached skill level 2 in Shields
 21289 | Lair:5   | Reached skill level 12 in Evocations
 21369 | Lair:5   | Reached skill level 3 in Shields
 21885 | Lair:5   | Found a staircase to the Slime Pits.
 22479 | D:11     | Upgraded the game from 0.31-a0-38-g1548c4f2a5 to
                  | 0.31-a0-40-g1d5085d191
 22481 | Orc:1    | Entered Level 1 of the Orcish Mines
 22524 | Orc:1    | Found a runed translucent gate.
 22525 | Orc:1    | Found a runed translucent gate.
 22526 | Orc:1    | Found a runed translucent gate.
 22538 | Orc:1    | Noticed mandoloar's ghost (adept HOFi)
 22553 | Orc:1    | Found a burning altar of Makhleb.
 22561 | Orc:1    | Found a frozen archway.
 22721 | IceCv    | Entered an ice cave
 22864 | IceCv    | Reached skill level 10 in Dodging
 22975 | IceCv    | Reached skill level 4 in Shields
 23065 | IceCv    | Identified a +1 robe of resistance
 23204 | IceCv    | Identified the ring "Lilumil" {rPois rN+ Str+3}
 23278 | Orc:1    | Found an iron altar of Okawaru.
 23740 | Orc:2    | Entered Level 2 of the Orcish Mines
 23961 | Orc:2    | Found a staircase to the Elven Halls.
 24169 | Orc:2    | Reached XP level 17. HP: 102/120 MP: 0/0
 24169 | Orc:2    | Learned a level 6 spell: Simulacrum
 24188 | Orc:2    | Reached skill level 6 in Stealth
 24201 | Orc:2    | Reached skill level 5 in Shields
 24305 | Orc:2    | Found Haar's General Store.
 24359 | Orc:2    | Found Xivas's Distillery.
 24361 | Orc:2    | Found Taxiod's Distillery.
 24387 | Orc:2    | Found Rurel's Weapon Shoppe.
 24567 | Orc:2    | Found Fus Genwu's Magic Scroll Boutique.
 24570 | Orc:2    | Bought a scroll of blinking for 97 gold pieces
 24778 | Orc:1    | Killed mandoloar's ghost
 25658 | D:13     | Found a gate to the Vaults.
 25954 | D:13     | Reached skill level 11 in Fighting
 26039 | D:13     | Reached skill level 11 in Dodging
 26293 | D:14     | Reached skill level 17 in Spellcasting
 26293 | D:14     | Mangled by a freezing wraith

Vanquished Creatures
  Gastronok (Lair:2)
  The ghost of mandoloar the Severer, an adept HOFi of the Shining One (Orc:1)
  Kirke (D:12)
  An orc warlord (Orc:2)
  A dire elephant (Lair:5)
  2 minotaurs (Gauntlet Orc:1)
  3 ettins (D:12 Orc:1 Orc:2)
  A fire dragon (Lair:5)
  A merfolk impaler (Orc:1)
  Fannar (D:10)
  The ghost of mandoloar the Fighter, a journeyman FoFi of Zin (D:9)
  Harold (D:10)
  3 ogre magi (D:12)
  Erica (D:10)
  4 catoblepae (Lair:5)
  4 hydras (Lair:2 Lair:5 D:13)
  2 death knights (D:13 D:14)
  5 boulder beetles (D:12 D:14)
  23 death yaks (D:9 Lair:1 Lair:4 Lair:5)
  16 two-headed ogres (D:10 D:11 D:12 Orc:2 D:13)
  A dancing weapon (D:9)
  A tengu warrior (Orc:1)
  Nergalle (Lair:2)
  Urug (D:12)
  2 orc high priests (Orc:2)
  A deep elf knight (Orc:1)
  2 skysharks (Lair:4 Lair:5)
  Amaemon (D:8)
  Lodul (D:12)
  A swamp dragon (Lair:5)
  A wizard (D:13)
  A lindwurm (Lair:5)
  2 deep elf pyromancers (D:12 D:13)
  9 orc knights (D:11 Orc:1 Orc:2)
  A necromancer (IceCv)
  An orange crystal statue (Gauntlet)
  2 oklob plants (Lair:5)
  4 orc sorcerers (Orc:1 Orc:2)
  8 cyclopes (D:10 D:11 Orc:2 D:13)
  A salamander (Lair:3)
  8 ugly things (D:13 D:14)
  5 manticores (D:12 Lair:5 D:14)
  A moth of wrath (Gauntlet)
  20 elephants (Lair:5)
  Joseph (D:8)
  7 black mambas (Lair:2 Lair:3 Lair:4 Lair:5)
  An ice statue (IceCv)
  An orange demon (D:8)
  4 torpor snails (Lair:1 Lair:2 Lair:5)
  7 cane toads (Lair:1 Lair:3 Lair:5)
  3 unseen horrors (D:11)
  10 komodo dragons (Lair:2 Lair:1 Lair:4 Lair:5)
  6 rime drakes (Lair:4 Lair:5)
  13 ice devils (IceCv)
  A tengu conjurer (D:10)
  6 freezing wraiths (IceCv)
  14 trolls (D:10 D:12 Orc:2 D:13)
  2 polar bears (Lair:2 Lair:4)
  13 blink frogs (Lair:1 Lair:3 Lair:5)
  3 dream sheep (Lair:5)
  6 saltlings (Orc:2)
  7 slime creatures (D:12 D:13)
  4 wraiths (D:9 D:10 D:14)
  13 flying skulls (Gauntlet)
  A spriggan (Lair:2)
  A dire elephant simulacrum (IceCv)
  4 fire bats (Lair:3)
  7 wyverns (D:7 D:8 D:9 Lair:2 Lair:3)
  55 yaks (D:7 D:10 D:11 Lair:1 Lair:4)
  7 basilisks (D:12 Lair:2 Lair:4 Lair:5)
  3 hogs (D:12)
  A fire elemental (Lair:3)
  6 humans (D:7)
  Grum (D:8)
  5 vampire mosquitoes (D:12 D:13)
  7 steam dragons (D:7 D:9 D:10 Lair:5)
  6 death yak simulacra (IceCv)
  3 harpy simulacra (IceCv)
  5 wargs (Orc:2)
  3 acid dragons (Lair:5 D:13)
  10 water moccasins (D:7 D:8 Lair:1 Lair:2 Lair:3)
  A swamp drake (Lair:5)
  2 ice beasts (D:5 D:6)
  21 orc warriors (D:7 D:9 D:10 D:11 Orc:1)
  2 black bears (D:6 D:7)
  14 wolves (D:8 Gauntlet Lair:2 Lair:4)
  15 ogres (D:7 D:12 Orc:1 Orc:2)
  2 phantoms (D:4 D:6)
  3 centaurs (D:9 D:10 D:11)
  3 kobold brigands (D:9 D:10)
  4 bullfrogs (Lair:2 Lair:3)
  3 two-headed ogre simulacra (IceCv)
  6 scorpions (D:4 D:5 D:6 D:7)
  2 cane toad simulacra (IceCv)
  5 wights (D:9)
  5 elephant simulacra (IceCv)
  10 killer bees (D:8 D:9)
  4 howler monkeys (D:8 D:9)
  2 electric eels (Lair:1)
  4 lava snakes (Lair:3)
  15 orc priests (D:4 D:5 D:6 D:10 D:11)
  A gnoll bouda (D:5)
  Jessica (D:2)
  2 sleepcaps (D:4 D:6)
  5 iguanas (D:4 D:5 Lair:5)
  20 orc wizards (D:5 D:6 D:7 D:8 D:9)
  3 polar bear simulacra (IceCv)
  A spriggan simulacrum (IceCv)
  4 wolf simulacra (IceCv)
  8 gnolls (D:1 D:3 D:4 D:5)
  7 adders (D:2 D:3 D:5 D:6)
  2 naga simulacra (IceCv)
  2 ufetubi (D:5)
  2 worms (D:2 D:3)
  4 dart slugs (D:1 D:2 D:3)
  85 orcs (D:3 D:4 D:5 D:6 D:7)
  6 ball pythons (D:1 D:4 D:2 D:3)
  4 bats (D:1 D:2 D:3)
  8 endoplasms (D:1 D:2 D:3 D:4)
  5 giant cockroaches (D:1 D:2 D:3)
  6 goblins (D:1 D:3 D:4)
  6 hobgoblins (D:2 D:3 D:4)
  4 jackals (D:3 D:4)
  20 kobolds (D:1 D:2 D:4 D:9)
  10 quokkas (D:1 D:2 D:4 D:3 D:5)
  3 frilled lizards (D:1 D:2 D:3)
  10 rats (D:1 D:2 D:3)
  A fire vortex (Lair:3)
  A fulminant prism (Lair:1)
750 creatures vanquished.

Vanquished Creatures (others)
  549 fulminant prisms (D:5 D:6 D:7 D:8 D:9)
549 creatures vanquished.

Grand Total: 1299 creatures vanquished

Table legend: (Time is in decaauts)
 A = Elapsed time spent in this place.
 B = Non-inter-level travel time spent in this place.
 C = Inter-level travel time spent in this place.
 D = Time resting spent in this place.
 E = Time spent auto-exploring this place.
 F = Levels seen in this place.
 G = Mean time per level.
                   A        B        C        D        E       F      G
               +--------+--------+--------+--------+--------+-----+--------+
         Total |  26326 |  23690 |   2636 |   4372 |  15305 |  24 | 1096.9 |
       Dungeon |  16792 |  14800 |   1992 |   2856 |   9824 |  14 | 1199.4 |
        Temple |    188 |    170 |     18 |      0 |    143 |   1 |  188.0 |
          Lair |   6583 |   6091 |    492 |   1192 |   3816 |   5 | 1316.6 |
  Orcish Mines |   1838 |   1704 |    134 |    194 |   1134 |   2 |  919.0 |
      Ice Cave |    543 |    543 |      0 |    110 |    211 |   1 |  543.0 |
      Gauntlet |    378 |    378 |      0 |     20 |    177 |   1 |  378.0 |
               +--------+--------+--------+--------+--------+-----+--------+

Top non-repeatable levels by time:
  Lair:5: 2182 daAuts
     D:9: 1895 daAuts
    D:12: 1789 daAuts
     D:7: 1430 daAuts
     D:4: 1406 daAuts
    D:10: 1398 daAuts
  Lair:1: 1338 daAuts
     D:5: 1327 daAuts
     D:8: 1289 daAuts
    D:11: 1238 daAuts
  Lair:4: 1177 daAuts
  Lair:3: 1103 daAuts
     D:6: 1063 daAuts
     D:1: 1028 daAuts
     D:2: 986 daAuts

Table legend:
 A = Non-vault XP
 B = Vault XP
 C = Vault XP percentage of total XP
 D = Non-vault monster count
 E = Vault monster count
 F = Vault count percentage of total count
                 A         B        C        D         E       F
            +---------+---------+-------+---------+---------+-------
      Total |   86814 |   97077 |  52.8 |     470 |     278 |  37.2
            +---------+---------+-------+---------+---------+-------
        D:1 |      51 |       0 |   0.0 |      24 |       0 |   0.0
        D:2 |      62 |      41 |  39.8 |      21 |       3 |  12.5
        D:3 |     106 |       0 |   0.0 |      27 |       0 |   0.0
        D:4 |     417 |      19 |   4.4 |      20 |       4 |  16.7
        D:5 |     477 |       0 |   0.0 |      17 |       0 |   0.0
        D:6 |     752 |       0 |   0.0 |      19 |       0 |   0.0
        D:7 |    3289 |    1179 |  26.4 |      30 |       6 |  16.7
        D:8 |    1042 |    2175 |  67.6 |      13 |       7 |  35.0
        D:9 |    1957 |    4945 |  71.6 |      29 |       6 |  17.1
       D:10 |    4384 |    6885 |  61.1 |      26 |      18 |  40.9
       D:11 |    3758 |    1006 |  21.1 |      20 |      22 |  52.4
       D:12 |    7838 |   11095 |  58.6 |      14 |      22 |  61.1
       D:13 |    8039 |    3237 |  28.7 |      19 |       5 |  20.8
       D:14 |    5740 |       0 |   0.0 |      10 |       0 |   0.0
     Lair:1 |    8846 |       0 |   0.0 |      21 |       0 |   0.0
     Lair:2 |    3310 |    3775 |  53.3 |      15 |       5 |  25.0
     Lair:3 |    4117 |     668 |  14.0 |      18 |       4 |  18.2
     Lair:4 |    6793 |    1809 |  21.0 |      17 |       7 |  29.2
     Lair:5 |   17900 |   23609 |  56.9 |      48 |      52 |  52.0
      Orc:1 |    4131 |    6318 |  60.5 |      39 |       8 |  17.0
      Orc:2 |    3805 |   14694 |  79.4 |      23 |      39 |  62.9
      IceCv |       0 |   10275 | 100.0 |       0 |      51 | 100.0
   Gauntlet |       0 |    5347 | 100.0 |       0 |      19 | 100.0
            +---------+---------+-------+---------+---------+-------
